 Dungeon Crawl Stone Soup version 0.31.0-32-g396128a36d (webtiles) character file.

Game seed: 2642740830828726319

42 Doomgape the Caller (level 3, -2/19 HPs)
             Began as a Deep Elf Summoner on Mar 8, 2024.
             Slain by a gnoll
             ... wielding a +0 spear
              (3 damage)
             ... on level 2 of the Dungeon.
             The game lasted 00:05:12 (1155 turns).

Doomgape the Caller (Deep Elf Summoner)             Turns: 1155, Time: 00:05:13

Health: -2/19      AC:  2    Str:  5    XL:     3   Next: 33%
Magic:  9/10       EV: 13    Int: 21    God:
Gold:   24         SH:  0    Dex: 15    Spells: 8/9 levels left

rFire   . . .        d - +0 club
rCold   . . .        (no shield)
rNeg    . . .        a - +0 robe
rPois   .            (no helmet)
rElec   .            (no cloak)
rCorr   .            (no gloves)
SInv    .            (no boots)
Will    .....        (no amulet)
Stlth   ++           (no ring)
HPRegen 0.23/turn    (no ring)
MPRegen 0.12/turn

%: no passive effects
@: no status effects
A: no striking features
a: no special abilities


You were on level 2 of the Dungeon.
You visited 1 branch of the dungeon, and saw 2 of its levels.

You collected 24 gold pieces.

Inventory:

Hand Weapons
 d - a +0 club (weapon)
Armour
 a - a +0 robe (worn)
Scrolls
 c - a scroll of enchant weapon {unknown}
 e - 2 scrolls of teleportation {unknown}
 g - a scroll of revelation {unknown}
 h - a scroll of noise {unknown}
Potions
 b - a potion of magic
 f - a potion of might {unknown}
 i - a potion of mutation {unknown}


   Skills:
 + Level 3.4 Dodging
 - Level 2.4 Stealth
 + Level 3.8 Spellcasting
 + Level 4.8 Summonings


You had 8 spell levels left.
You knew the following spells:

 Your Spells              Type           Power      Damage    Failure   Level
a - Summon Small Mammal   Summ           96%        N/A       1%          1

Your spell library contained the following spells:

 Spells                   Type           Power      Damage    Failure   Level
 Call Imp                 Summ           48%        N/A       2%          2
 Call Canine Familiar     Summ           24%        N/A       4%          3
 Summon Blazeheart Golem  Fire/Summ      14%        N/A       41%         4
 Summon Lightning Spire   Summ/Air       14%        N/A       41%         4


Dungeon Overview and Level Annotations

Branches:
Dungeon (2/15)

Altars:


Message History

The gnoll hits your rat with a +0 whip.
Your rat dies!
Your rat's corpse disappears in a puff of smoke!
Your quokka bites the gnoll.
The gnoll barely misses your quokka.
Your quokka barely misses the gnoll.
The gnoll closely misses your quokka.
Your quokka bites the gnoll but does no damage.
Casting: Summon Small Mammal (safe; 1% risk of failure)
Confirm with . or Enter, or press ? or * to list all spells.
The gnoll closely misses your quokka. The gnoll misses you.
Your quokka completely misses the gnoll.
Unknown command.
You closely miss the gnoll.
The gnoll is lightly wounded.
Your quokka bites the gnoll.
The gnoll hits your quokka with a +0 spear.
The gnoll hits your quokka with a +0 flail.
Your quokka dies!
Your quokka's corpse disappears in a puff of smoke!
The gnoll hits you with a +0 whip. The gnoll barely misses you.
You barely miss the gnoll.
The gnoll is lightly wounded.
Your quokka barely misses the gnoll.
The gnoll hits your quokka from afar with a +0 spear!
Your quokka dies!
Your quokka's corpse disappears in a puff of smoke!
The gnoll closely misses you. The gnoll misses you.
An endoplasm comes into view.
The gnoll shouts!
Unknown command.
The gnoll hits you but does no damage.
Unknown command.
The gnoll attacks as it pursues you!
The gnoll hits you from afar with a +0 spear.
Unknown command.
The gnoll attacks as it pursues you! The gnoll hits you with a +0 whip!
* * * LOW HITPOINT WARNING * * *
The gnoll attacks as it pursues you!
The gnoll hits you from afar with a +0 spear.
You die...

. J## #. .[. #.....#
####.#########.# #.....#
#..............# #.....#
#...........J..# #.....#
#........g.....# #.....#
#####..g.##...#
##.....########..g.#######
#..............@g.........
#..........(..............
#.........................
#........)................
#.....#########...........
#.....# #...........
#.†...# #####.......
#.....# ....... #.....#
......


You could see 4 gnolls and an endoplasm.

Vanquished Creatures
  3 bats
  A goblin (D:1)
  A ball python (D:1)
  A rat (D:1)
6 creatures vanquished.

Vanquished Creatures (collateral kills)
  3 dart slugs
  4 bats
  4 endoplasms
  4 goblins
  A hobgoblin (D:1)
  3 kobolds
  3 ball pythons
  3 frilled lizards
  2 rats
27 creatures vanquished.

Grand Total: 33 creatures vanquished

Notes
Turn   | Place    | Note
-------+----------+-------------------------------------------
     0 | D:1      | Doomgape the Deep Elf Summoner began the quest for the Orb.
     0 | D:1      | Reached XP level 1. HP: 10/10 MP: 6/6
   209 | D:1      | Reached XP level 2. HP: 15/15 MP: 6/8
   806 | D:2      | Found a faded altar of an unknown god.
   850 | D:2      | Reached XP level 3. HP: 19/19 MP: 8/10
  1155 | D:2      | Slain by a gnoll

Illustrated notes

Levels and vault maps discovered:
D:1:      mushboom_english_gardens, layout_basic
D:2:      layout_basic, shapermc_ecumenical_altar_acropolis

Skill      XL: |  1  2 |
---------------+-------+-----
Dodging        | 3 |  3.4
Stealth        | |  2.4
Spellcasting   | |  3.8
Summonings     | |  4.8

Action                     || total
---------------------------++-------
  Melee: Unarmed           ||     5
         Club              ||    16
         Punch             ||     1
   Cast: Summon Small Mamm ||    38
   Stab: Sleeping          ||     1
         Distracted        ||     1
 Armour: Robe              ||    41
  Dodge: Dodged            ||    39
